 Dungeon Sprint DCSS version 0.26-a0-1013-gf6ffb0d6bd (webtiles) character file.

Game seed: 14621707668655870429

8184 sahdkjhfkaj the Scorcher (level 11, 0/74 HPs)
             Began as a Red Draconian Fire Elementalist on Dec 7, 2020.
             Was the Champion of Makhleb.
             Slain by a +1 vorpal halberd (1 damage)
             ... in the Dungeon (Sprint V: "Ziggurat Sprint").
             The game lasted 00:03:43 (1131 turns).

sahdkjhfkaj the Scorcher (DrFE)                     Turns: 1131, Time: 00:03:43

Health: 0/74       AC:  7    Str: 11    XL:     11   Next: 6%
Magic:  7/36       EV: 12    Int: 32    God:    Makhleb [******]
Gold:   0          SH:  0    Dex: 12    Spells: 22/34 levels left

rFire    + . .     SeeInvis .   B - +7 Singing Sword {vorpal, sonic wave}
rCold    . . .     Faith    .   (no shield)
rNeg     + . .     Spirit   .   (armour unavailable)
rPois    .         Reflect  .   (helmet restricted)
rElec    .         Harm     .   (no cloak)
rCorr    .         Rampage  .   (no gloves)
Will     .....     NoTele   +   (no boots)
Stlth    ++........             f - amulet "Lokicwan" {RegenMP rN+ MP+9 Int+2}
HPRegen  0.22/turn              v - +6 ring of intelligence
MPRegen  0.50/turn              u - +6 ring of intelligence

@: very slightly contaminated, invisible
A: breathe fire, unfitting armour, fire resistance 1, cold-blooded, AC +7
a: Breathe Fire, Minor Destruction, Lesser Servant of Makhleb, Major
Destruction, Greater Servant of Makhleb, Renounce Religion


You were in the Dungeon.
You worshipped Makhleb.
Makhleb was exalted by your worship.
You visited 1 branch

Inventory:

Hand Weapons
 B - the +7 Singing Sword (weapon) {vorpal, sonic wave}
   (You found it in the Dungeon)

   It inflicts extra damage upon your enemies.
Missiles
 F - 2 throwing nets
Jewellery
 f - the amulet "Lokicwan" (around neck) {RegenMP rN+ MP+9 Int+2}
   (You found it in the Dungeon)

   [amulet of magic regeneration]

   It increases your magic regeneration.
   It affects your intelligence (+2).
   It protects you from negative energy.
   It affects your magic capacity (+9).
 j - an uncursed ring of willpower
 r - an uncursed ring of flight
 s - a +6 ring of dexterity
 t - a +6 ring of dexterity
 u - a +6 ring of intelligence (right hand)
 v - a +6 ring of intelligence (left hand)
 w - a +6 ring of strength
 x - a +6 ring of strength
 D - an uncursed ring of stealth
 E - a +4 ring of protection
Wands
 y - a wand of disintegration (7)
 z - a wand of iceblast (7)
 A - a wand of acid (7)
Scrolls
 g - 4 scrolls of blinking
 l - 4 scrolls of amnesia
 m - 7 scrolls of fog
 n - a scroll of holy word
 o - 5 scrolls of identify
 p - 5 scrolls of remove curse
 q - 2 scrolls of fear
Potions
 a - 2 potions of brilliance
 b - 10 potions of curing
 c - 9 potions of heal wounds
 d - 4 potions of haste
 e - 6 potions of magic
 h - a potion of invisibility
 i - 3 potions of resistance
 k - 4 potions of might
Miscellaneous
 C - a lightning rod (4/4)


   Skills:
 - Level 1.7 Dodging
 - Level 1.7 Stealth
 - Level 12.3 Spellcasting
 - Level 14.2 Conjurations
 + Level 12.4 Hexes
 - Level 15.0 Fire Magic


You had 22 spell levels left.
You knew the following spells:

 Your Spells              Type           Power        Failure   Level
a - Foxfire               Conj/Fire      ####         0%          1
e - Invisibility          Hex            #######.     2%          6
f - Fireball              Conj/Fire      #######...   1%          5

Your spell library contained the following spells:

 Spells                   Type           Power        Failure   Level
 Corona                   Hex            #######      0%          1
 Slow                     Hex            #######.     1%          2
 Conjure Flame            Conj/Fire      #######.     1%          3
 Inner Flame              Hex/Fire       #######.     1%          3
 Portal Projectile        Hex/Tloc       ######       1%          3
 Stone Arrow              Conj/Erth      ######       1%          3
 Cause Fear               Hex            #######...   1%          4
 Leda's Liquefaction      Hex/Erth       ######....   1%          4
 Sticky Flame             Conj/Fire      #######.     1%          4
 Call Imp                 Summ           ###.....     3%          2
 Passwall                 Tmut/Erth      ###.....     3%          2
 Swiftness                Air            ###.....     3%          2
 Passage of Golubria      Tloc           N/A          24%         4
 Lee's Rapid Deconstruct  Erth           ###.......   56%         5


Dungeon Overview and Level Annotations

Branches:
Dungeon (1/1)

Altars:
Ashenzari
Cheibriados
Dithmenos
Elyvilon
Fedhas
Gozag
Hepliaklqana
Kikubaaqudgha
Makhleb
Nemelex Xobeh
Okawaru
Qazlal
Ru
Sif Muna
Trog
Uskayaw
Vehumet
Wu Jian
Xom
Yredelemnul
Zin
The Shining One
Beogh
Jiyva
Lugonu

Annotations:
D 1 transporter


Innate Abilities, Weirdness & Mutations

You can breathe blasts of fire.
Your fiery red scales are hard. (AC +7)
You cannot fit into any form of body armour.
Your flesh is heat resistant. (rF+)
You are cold-blooded and may be slowed by cold attacks.


Message History

The +1 vorpal halberd hits you but does no damage.
The +1 vorpal halberd hits you.
You miss the +1 vorpal halberd.
The +1 vorpal halberd is moderately damaged.
The +1 vorpal halberd hits you!!
The +1 vorpal halberd barely misses you.
You riposte.
You miss the +1 vorpal halberd.
The +1 vorpal halberd is moderately damaged.
You hit the +1 vorpal halberd.
The +1 vorpal halberd is severely damaged.
The +1 vorpal halberd barely misses you.
You feel much better.
The +1 vorpal halberd closely misses you.
You closely miss the +1 vorpal halberd.
The +1 vorpal halberd is heavily damaged.
The +1 vorpal halberd hits you!!
* * * LOW HITPOINT WARNING * * *
The +1 vorpal halberd hits you!!
* * * LOW HITPOINT WARNING * * *
You die...

▓▓▓▓▓▓▓▓▓▓▓▓▓▓▓▓▓▓▓
▓...8©8...▓..8©8..▓
▓...|:|...▓...[[..▓
▓...}|....▓....)..▓
▓...)))...▓.......▓
▓.....)...▓.......▓
▓....)....▓..)....▓
▓....(....▓.......▓
▓....@....▓.▓††.▓.▓
▓....©....▓...©...▓
▓▓▓▓▓▓▓▓▓▓▓▓▓▓▓▓▓▓▓
▓..8©8..▓ ▓..))...▓
▓.......▓ ▓..)()..▓
▓...†)..▓ ▓.......▓


You could see a +1 vorpal halberd.

Vanquished Creatures
  A dancing weapon (D)
  3 deep elf knights (D)
  A phantasmal warrior (D)
  2 ugly things (D)
  A cyclops (D)
  4 deep elf magi (D)
  A smoke demon (D)
  A komodo dragon (shapeshifter) (D)
  A troll (shapeshifter) (D)
  A wind drake (D)
  3 merfolk (D)
  A human (shapeshifter) (D)
  A neqoxec (D)
  2 hell hounds (D)
  An eye of draining (D)
  A necrophage (D)
  A centaur (D)
  An earth elemental (D)
  A wight (D)
  A quasit (D)
  An iron imp (D)
  2 orc wizards (D)
  A white imp (D)
  An adder zombie (D)
  A bat skeleton (D)
  A quokka zombie (D)
36 creatures vanquished.

Notes
Turn   | Place    | Note
-------+----------+-------------------------------------------
     0 | D        | sahdkjhfkaj the Draconian Fire Elementalist began the quest
                  | for the Orb.
     0 | D        | Reached XP level 1. HP: 14/14 MP: 3/3
     0 | D        | Found a shimmering blue altar of Sif Muna.
     0 | D        | Found a sacrificial altar of Ru.
     0 | D        | Found a bloodstained altar of Trog.
     0 | D        | Found a stormy altar of Qazlal.
     0 | D        | Found an iron altar of Okawaru.
     0 | D        | Found a sparkling altar of Nemelex Xobeh.
     0 | D        | Found a blossoming altar of Fedhas.
     1 | D        | Found the +6 Majin-Bo {vamp, MP+6 Int+6}
     1 | D        | Found the +9 heavy crossbow "Sniper" {vorpal, Acc+∞ SInv}
     1 | D        | Found the +10 dark maul {vorpal}
     1 | D        | Found the +15 Maxwell's patent armour {-Cast -Tele rElec
                  | WL+ rCorr}
     1 | D        | Found the +18 shield of the Gong {rElec rN+ WL+ EV-5}
     1 | D        | Found the cursed +14 obsidian axe {vorpal, +Fly SInv
                  | *Curse}
     1 | D        | Found the +7 great mace "Firestarter" {inner flame, rF++}
     1 | D        | Found the +6 shillelagh "Devastator" {shatter}
     1 | D        | Found the +11 plutonium sword {*Contam Stlth-}
     1 | D        | Found the +8 lance "Wyrmbane" {slay drac, rPois rF+ rC+
                  | AC+3}
     1 | D        | Found the +9 sword of Zonguldrok {reap}
     1 | D        | Found the cursed +13 scythe of Curses {drain, *Curse}
     1 | D        | Found the +0 sword of Power
     1 | D        | Found the +7 mace of Variability {chain chaos}
     1 | D        | Found the +7 Singing Sword {vorpal, sonic wave}
     1 | D        | Found the +8 storm bow {elec, penet}
     2 | D        | Found a transporter.
     2 | D        | Found an ancient bone altar of Kikubaaqudgha.
     2 | D        | Found a viscous altar of Jiyva.
     2 | D        | Found a corrupted altar of Lugonu.
     2 | D        | Found a hazy altar of Hepliaklqana.
     2 | D        | Found a burning altar of Makhleb.
     2 | D        | Found an opulent altar of Gozag.
    39 | D        | Became a worshipper of Makhleb the Destroyer
    60 | D        | Entered arena 2.
    60 | D        | Noticed an orc wizard
    60 | D        | Noticed an orc wizard
    60 | D        | Found a transporter.
    65 | D        | Killed an orc wizard
    65 | D        | Killed an orc wizard
    66 | D        | Reached skill level 5 in Conjurations
    66 | D        | Reached skill level 5 in Fire Magic
    66 | D        | Reached XP level 2. HP: 3/20 MP: 4/6
    66 | D        | Reached XP level 3. HP: 4/26 MP: 4/7
    66 | D        | Reached skill level 5 in Spellcasting
    66 | D        | Reached skill level 7 in Fire Magic
    66 | D        | Reached XP level 4. HP: 5/33 MP: 4/11
   328 | D        | Got the Guide on Confrontation and Calling
   331 | D        | Entered arena 3.
   331 | D        | Noticed an earth elemental
   331 | D        | Noticed a deep elf mage
   331 | D        | Noticed a +2 flail of protection
   331 | D        | Found a transporter.
   336 | D        | Killed a +2 flail of protection
   336 | D        | Reached * piety under Makhleb
   337 | D        | Reached skill level 11 in Fire Magic
   337 | D        | Reached XP level 5. HP: 38/38 MP: 11/14
   337 | D        | Reached XP level 6. HP: 45/45 MP: 12/16
   337 | D        | Your scales start taking on a fiery red colour.
   337 | D        | Reached skill level 12 in Fire Magic
   337 | D        | Reached XP level 7. HP: 50/50 MP: 12/17
   337 | D        | Gained mutation: Your flesh is heat resistant. (rF+) [Red
                  | Draconian growth]
   337 | D        | Killed a deep elf mage
   338 | D        | Reached skill level 13 in Fire Magic
   338 | D        | Reached XP level 8. HP: 57/57 MP: 12/19
   387 | D        | Learned a level 5 spell: Fireball
   399 | D        | Entered arena 4.
   399 | D        | Found a transporter.
   402 | D        | Reached ** piety under Makhleb
   407 | D        | Reached *** piety under Makhleb
   408 | D        | Reached skill level 14 in Fire Magic
   539 | D        | Entered arena 5.
   539 | D        | Found a transporter.
   635 | D        | Entered arena 6.
   635 | D        | Noticed a phantasmal warrior
   635 | D        | Noticed a smoke demon
   635 | D        | Found a transporter.
   639 | D        | Reached **** piety under Makhleb
   644 | D        | Killed a phantasmal warrior
   645 | D        | Reached skill level 15 in Fire Magic
   645 | D        | Reached XP level 9. HP: 51/62 MP: 9/22
   645 | D        | Killed a smoke demon
   645 | D        | Reached ***** piety under Makhleb
   842 | D        | Entered arena 7.
   842 | D        | Noticed a polar bear
   842 | D        | Noticed a komodo dragon
   842 | D        | Noticed a purple ugly thing
   842 | D        | Noticed a cyan ugly thing
   844 | D        | Noticed a troll
   844 | D        | a polar bear changed into a troll
   846 | D        | Killed a komodo dragon
   848 | D        | Killed a purple ugly thing
   848 | D        | Killed a cyan ugly thing
   849 | D        | Reached skill level 10 in Spellcasting
   851 | D        | Killed a troll
   852 | D        | Reached XP level 10. HP: 69/69 MP: 3/26
   965 | D        | Found a transporter.
   971 | D        | Got the amulet "Lokicwan" {RegenMP rN+ MP+9 Int+2}
  1008 | D        | Learned a level 6 spell: Invisibility
  1008 | D        | Entered arena 8.
  1008 | D        | Noticed a cyclops
  1011 | D        | Reached skill level 5 in Hexes
  1012 | D        | Reached ****** piety under Makhleb
  1013 | D        | Killed a cyclops
  1088 | D        | Found a transporter.
  1117 | D        | Entered arena 9.
  1117 | D        | Noticed a deep elf knight
  1117 | D        | Noticed a deep elf mage
  1117 | D        | Noticed a deep elf mage
  1117 | D        | Noticed a deep elf knight
  1117 | D        | Noticed a +1 vorpal halberd
  1117 | D        | Noticed a deep elf mage
  1117 | D        | Noticed a deep elf knight
  1118 | D        | Identified the cursed ring "Wijerar" {rElec rF+ Str-4}
  1120 | D        | Killed a deep elf mage
  1122 | D        | Killed a deep elf mage
  1122 | D        | Killed a deep elf knight
  1122 | D        | Killed a deep elf knight
  1123 | D        | Killed a deep elf knight
  1124 | D        | Reached XP level 11. HP: 74/74 MP: 7/27
  1124 | D        | Killed a deep elf mage
  1125 | D        | Found a transporter.
  1131 | D        | HP: 1/74 [+1 vorpal halberd (18)]
  1131 | D        | Slain by a +1 vorpal halberd

Illustrated notes

Levels and vault maps discovered:
D:        sprint_v [room_start, room_1, room_2, room_3, room_4, room_5, room_6,
          room_7, room_8, room_9, room_10, room_11, room_12, room_13, room_14,
          room_15, room_16, room_17, room_18, room_19, room_20, room_21,
          room_22, room_23, room_24, room_25, room_26, room_27]

Skill      XL: |  1  2  3  4  5  6  7  8  9 10 |
---------------+-------------------------------+-----
Conjurations   | 5 7 11 13 14 | 14.2
Spellcasting   | 3 5 7 9 12 | 12.3
Fire Magic     | 5 7 11 12 13 15 | 15.0
Hexes          | 12 | 12.4
Dodging        | |  1.7
Stealth        | |  1.7

Action                   |  1- 3 |  4- 6 |  7- 9 | 10-12 || total
-------------------------+-------+-------+-------+-------++-------
Melee: Double sword      |     3 |     1 |    16 |     5 ||    25
       Tailslap          |       |       |     1 |       ||     1
 Cast: Fireball          |       |       |    11 |    11 ||    22
       Invisibility      |       |       |       |     1 ||     1
 Abil: Breathe Fire      |       |       |     1 |       ||     1
  Use: Potion            |     5 |     2 |     3 |     1 ||    11
 Stab: Invisible         |     2 |       |       |       ||     2
Armor: Skin              |       |       |     8 |     2 ||    10
Dodge: Dodged            |     1 |     2 |    16 |     9 ||    28
       Rpst.: Double sword |       |       |     3 |     1 ||     4

Table legend: (Time is in decaauts)
 A = Elapsed time spent in this place.
 B = Non-inter-level travel time spent in this place.
 C = Inter-level travel time spent in this place.
 D = Time resting spent in this place.
 E = Time spent auto-exploring this place.
 F = Levels seen in this place.
 G = Mean time per level.
                   A        B        C        D        E       F      G
               +--------+--------+--------+--------+--------+-----+--------+
         Total |   1129 |   1108 |     21 |    914 |     21 |   1 | 1129.0 |
       Dungeon |   1129 |   1108 |     21 |    914 |     21 |   1 | 1129.0 |
               +--------+--------+--------+--------+--------+-----+--------+

Top non-repeatable levels by time:
       D: 1129 daAuts
